 Seeded DCSS version 0.29.1-15-g9cfb28693d (webtiles) character file.

Game seed: 16245865983455551772 (custom seed)

1 Psyclone the Conjurer (level 1, 10/10 HPs)
             Began as a Deep Elf Conjurer on Sept 30, 2023.
             Quit the game on level 1 of the Dungeon.
             The game lasted 00:02:23 (136 turns).

Psyclone the Conjurer (Deep Elf Conjurer)            Turns: 136, Time: 00:02:24

Health: 10/10      AC:  5    Str:  4    XL:     1   Next: 16%
Magic:  6/6        EV: 10    Int: 30    God:
Gold:   0          SH:  9    Dex: 13    Spells: 5/6 levels left

rFire   + + +      SeeInvis .   (no weapon)
rCold   + + +      Faith    .   d - +2 shield of Resistance {rF++ rC++ Will++}
rNeg    . . .      Spirit   .   a - +0 robe
rPois   +          Reflect  .   (no helmet)
rElec   +          Harm     .   (no cloak)
rCorr   .          Rampage  .   c - +2 pair of gloves of Limited Liability {rF++ Int+8}
Will    +++..                   (no boots)
Stlth   ++........              (no amulet)
HPRegen 0.03/turn               e - ring "Fudd" {Ice rElec rPois Will+}
MPRegen 0.10/turn               (no ring)

@: no status effects
A: no striking features
a: no special abilities


You were on level 1 of the Dungeon.
You visited 1 branch of the dungeon, and saw 1 of its levels.

Inventory:

Armour
 a - a +0 robe (worn)
 c - the +2 pair of gloves of Limited Liability (worn) {rF++ Int+8}
   (You acquired it on level 1 of the Dungeon)

   Int:       It affects your intelligence (+8).
   rF:        It greatly protects you from fire.
 d - the +2 shield of Resistance (worn) {rF++ rC++ Will++}
   (You acquired it on level 1 of the Dungeon)

   rF:        It greatly protects you from fire.
   rC:        It greatly protects you from cold.
   Will:      It greatly increases your willpower.
Jewellery
 e - the ring "Fudd" (left hand) {Ice rElec rPois Will+}
   (You acquired it on level 1 of the Dungeon)

   [ring of ice]

   It enhances your ice magic.
   rF:        It makes you vulnerable to fire.
   rC:        It protects you from cold.
   rElec:     It insulates you from electricity.
   rPois:     It protects you from poison.
   Will:      It increases your willpower.
Potions
 b - a potion of magic


   Skills:
 + Level 2.4 Dodging
 + Level 2.4 Stealth
 + Level 3.0 Spellcasting
 + Level 4.4 Conjurations


You had 5 spell levels left.
You knew the following spells:

 Your Spells              Type           Power      Damage    Failure   Level
a - Magic Dart            Conj           100%       1d8       4%          1

Your spell library contained the following spells:

 Spells                   Type           Power      Damage    Failure   Level
 Searing Ray              Conj           60%        2d6       7%          2
 Dazzling Flash           Conj/Hex       34%        N/A       32%         3
 Fulminant Prism          Conj/Hex       8%         3d7       71%         4
 Iskenderun's Mystic Bla  Conj/Tloc      17%        2d5       71%         4


Dungeon Overview and Level Annotations

Branches:
Dungeon (1/15) Zot: 5864

Altars:


Message History

Welcome, Psyclone the Deep Elf Conjurer.
Game seed: 16245865983455551772 (custom seed) Press ? for a list of commands and other information.
Found a sling.
Found a dagger.
A goblin comes into view. It is wielding a +0 dagger.
An endoplasm comes into view.
Casting: Magic Dart (safe; 1% risk of failure)
Confirm with . or Enter, or press ? or * to list all spells.
Aiming: Magic Dart (safe; 1% risk of failure)
Press: ? - help, Shift-Dir - straight line, f - endoplasm
Aim: an endoplasm (asleep, 100% to hit)
The magic dart hits the endoplasm.
You kill the endoplasm!
Found 3 scrolls labelled WAC GOIFOFITOUPLEC.
c - 3 scrolls labelled WAC GOIFOFITOUPLEC This is a scroll of acquirement!
Something appears at your feet! Something appears at your feet!
Something appears at your feet!
c - the +2 pair of gloves of Limited Liability {rF++ Int+8}
d - the +2 shield of Resistance {rF++ rC++ Will++}
e - the ring "Fudd" {Ice rElec rPois Will+} You feel more attuned to ice.
e - the ring "Fudd" (left hand) {Ice rElec rPois Will+} You start putting on your armour.
You continue putting on the +2 pair of gloves of Limited Liability {rF++ Int+8}. x4
You finish putting on the +2 pair of gloves of Limited Liability {rF++ Int+8}.
You feel clever.
You start putting on your armour.
You continue putting on the +2 shield of Resistance {rF++ rC++ Will++}. x4
You finish putting on the +2 shield of Resistance {rF++ rC++ Will++}.
Unknown command.
Unknown command.
Unknown command.
Are you sure you want to abandon this character and quit the game? (Confirm with "yes".)

# .# #.#
######..###
#.@........
.......#..#....
#.##...#..# .
#...###.## #..#
#... #..# ...#.
#..# ##.## #....#
#..#g #..# ....#
#.##...##.###....#
#.... #..#.....#


There were no monsters in sight!

Vanquished Creatures
  An endoplasm (D:1)
1 creature vanquished.

Notes
Turn   | Place    | Note
-------+----------+-------------------------------------------
     0 | D:1      | Psyclone the Deep Elf Conjurer began the quest for the Orb.
     0 | D:1      | Reached XP level 1. HP: 10/10 MP: 6/6
   108 | D:1      | Identified 3 scrolls of acquirement
   108 | D:1      | Acquired the +2 shield of Resistance {rF++ rC++ Will++}
   108 | D:1      | Found the +2 shield of Resistance {rF++ rC++ Will++}
   114 | D:1      | Acquired the +2 pair of gloves of Limited Liability {rF++
                  | Int+8}
   123 | D:1      | Acquired the ring "Fudd" {Ice rElec rPois Will+}
   136 | D:1      | Quit the game

Illustrated notes

Levels and vault maps discovered:
D:1:      minmay_arrival_hallway, layout_loops_corners, basic_ecumenical_altar,
          minmay_unequal

Action                   || total
-------------------------++-------
 Cast: Magic Dart        ||     1
  Use: Scroll            ||     3
